 Dungeon Crawl Stone Soup version 0.27.1-1-g398f81649c (webtiles) character file.

Game seed: 4020411431986594579

348 HammerPanzer the Digger (level 6, -1/32 HPs)
             Began as a Gargoyle Earth Elementalist on Sept 7, 2021.
             Killed by divine providence
             ... invoked by an orc priest
              (11 damage)
             ... on level 4 of the Dungeon.
             The game lasted 00:11:55 (4179 turns).

HammerPanzer the Digger (GrEE)                      Turns: 4179, Time: 00:11:56

Health: -1/32      AC: 10    Str: 11    XL:     6   Next: 60%
Magic:  8/10       EV: 12    Int: 18    God:
Gold:   143        SH:  0    Dex: 10    Spells: 10/11 levels left

rFire    . . .     SeeInvis .   e - +2 short sword (venom)
rCold    . . .     Faith    .   (no shield)
rNeg     + . .     Spirit   .   b - +0 robe
rPois    ∞         Reflect  .   i - +2 helmet
rElec    +         Harm     .   d - +0 cloak
rCorr    .         Rampage  .   (no gloves)
Will     .....                  (no boots)
Stlth    ++........             (no amulet)
HPRegen  0.10/turn              (no ring)
MPRegen  0.12/turn              (no ring)

@: no status effects
A: sickness immunity, AC +4, negative energy resistance 1, electricity
resistance, torment resistance 1, petrification resistance
a: no special abilities


You were on level 4 of the Dungeon.
You visited 1 branch of the dungeon, and saw 4 of its levels.

You collected 143 gold pieces.

Inventory:

Hand Weapons
 e - a +2 short sword of venom (weapon)
Missiles
 c - 94 stones
Armour
 b - a +0 robe (worn)
 d - a +0 cloak (worn)
 i - a +2 helmet (worn)
Magical Staves
 q - a staff of fire
Jewellery
 t - an amulet of faith
 v - a ring of protection from cold
 w - a +4 ring of evasion
Scrolls
 k - 2 scrolls of enchant armour {unknown}
 l - a scroll of brand weapon {unknown}
 m - a scroll of teleportation {unknown}
 o - 2 scrolls of amnesia {unknown}
 p - 2 scrolls of identify {unknown}
 u - a scroll of fog {unknown}
Potions
 a - a potion of ambrosia {unknown}
 f - 4 potions of curing {unknown}
 g - a potion of attraction {unknown}
 h - a potion of might {unknown}
 j - 4 potions of berserk rage {unknown}
 n - a potion of resistance {unknown}
 r - a potion of invisibility {unknown}
 s - a potion of flight {unknown}


   Skills:
 + Level 2.2 Short Blades
 - Level 0.5 Maces & Flails
 - Level 1.7 Dodging
 + Level 3.8 Stealth
 + Level 3.2 Spellcasting
 + Level 2.3 Transmutations
 + Level 5.1 Earth Magic


You had 10 spell levels left.
You knew the following spells:

 Your Spells              Type           Power      Damage    Failure   Level
a - Sandblast             Erth           42%        2d11      1%          1

Your spell library contained the following spells:

 Spells                   Type           Power      Damage    Failure   Level
 Passwall                 Tmut/Erth      13%        N/A       5%          2
 Stone Arrow              Conj/Erth      24%        3d8       17%         3
 Petrify                  Tmut/Erth      16%        N/A       34%         4
 Animate Armour           Summ/Erth      24%        N/A       50%         4
 Borgnjor's Vile Clutch   Necr/Erth      6%         N/A       83%         5
 Animate Dead             Necr           1%         N/A       85%         4
 Death Channel            Necr           1%         N/A       100%        6
 Lehudib's Crystal Spear  Conj/Erth      6%         10d3      100%        8


Dungeon Overview and Level Annotations

Branches:
Dungeon (4/15)
 Temple: D:4-7

Altars:
Zin

Shops:
D:3 *


Innate Abilities, Weirdness & Mutations

You are immune to sickness and miasma.
Your stone body is resilient. (AC +4)
You are immune to poison.
You resist negative energy. (rN+)
You are resistant to electric shocks. (rElec)
You are resistant to unholy torment.
You are immune to petrification.


Message History

You puncture the adder!
You kill the adder!
c - 96 stones (gained 5);
w - a +4 ring of evasion You now have 129 gold pieces (gained 17).
Things that are here:
a +0 dagger; a +0 short sword
Things that are here:
a +3 antimagic dagger; a +0 mace; an orc corpse
Things that are here:
a +0 club; an orc corpse
Found 14 gold pieces.
There is an open door here.
You now have 143 gold pieces (gained 14).
There is an open door here.
An orc, an orc priest and an orc wizard come into view.
The orc priest invokes the aid of Beogh against you.
You barely resist.
You hit the orc priest but do no damage.
The orc priest is poisoned.
The orc wizard hits you with a +0 dagger.
The orc priest hits you with a +0 flail!
You barely miss the orc wizard.
The orc wizard hits you with a +0 dagger.
You hit the orc wizard.
The orc wizard is poisoned.
The orc wizard is lightly wounded.
The orc wizard casts a spell at you. The puff of flame hits you!
Aiming: Sandblast (safe; 1% risk of failure)
Press: ? - help, Q - select action, (/) - cycle Shift-Dir - straight line, f - orc wizard
Aim: an orc wizard, wielding a +0 dagger and wearing a +0 robe (heavily wounded, very poisoned, 76% to hit)
The blast of sand hits the orc wizard!
You kill the orc wizard!
Aiming: Sandblast (safe; 1% risk of failure)
Press: ? - help, Q - select action, (/) - cycle Shift-Dir - straight line, f - orc priest
Aim: an orc priest, wielding a +0 flail and wearing a +0 chain mail (moderately wounded, very poisoned, 86% to hit)
The blast of sand hits the orc priest but does no damage.
The orc priest is moderately wounded.
The orc priest invokes the aid of Beogh against you.
Beogh smites you!
You die...

#....#....#.....#
#....#....#.....#
#>...+....#.....#
##....#....#.....#
......##'###.....#
.................#
.................#
...)))......####.#
..#'##......#...@######
..+.†###'####...#o....#
..#..#..... #####.....#
..#..##....# ......#
..#####....# .......#
..# .....# ........#
..# .....# .........#
..# #######....o.....#
### ..##########


You could see an orc priest (poisoned).

Vanquished Creatures
  5 orc priests
  2 orc wizards
  7 adders
  3 worms
  A dart slug (D:1)
  8 orcs
  4 ball pythons
  5 bats
  4 endoplasms
  2 giant cockroaches (D:2)
  9 goblins
  5 hobgoblins
  7 quokkas
  2 frilled lizards (D:3)
  7 kobolds
  6 rats
77 creatures vanquished.

Notes
Turn   | Place    | Note
-------+----------+-------------------------------------------
     0 | D:1      | HammerPanzer the Gargoyle Earth Elementalist began the
                  | quest for the Orb.
     0 | D:1      | Reached XP level 1. HP: 10/10 MP: 3/3
   619 | D:1      | Reached XP level 2. HP: 15/15 MP: 3/5
   687 | D:1      | Reached skill level 1 in Transmutations
   879 | D:1      | Found a faded altar of an unknown god.
  1143 | D:1      | Reached skill level 4 in Earth Magic
  1408 | D:2      | Reached XP level 3. HP: 19/19 MP: 6/6
  1993 | D:2      | Reached skill level 1 in Short Blades
  1993 | D:2      | Reached XP level 4. HP: 23/24 MP: 7/7
  2222 | D:3      | Found Cunom's Assorted Antiques.
  2316 | D:3      | Found a glowing silver altar of Zin.
  2777 | D:3      | Reached XP level 5. HP: 22/28 MP: 6/9
  2782 | D:3      | HP: 1/28 [orc priest (2)]
  3468 | D:4      | Reached XP level 6. HP: 4/32 MP: 6/10
  3987 | D:4      | Reached skill level 5 in Earth Magic
  4179 | D:4      | Killed from afar by an orc priest

Illustrated notes

Levels and vault maps discovered:
D:1:      minmay_arrival_checkered_box, layout_loops_ring,
          hellmonk_ecumenical_altar_zigzags
D:2:      layout_basic, roderic_serpentine_path, minmay_misc_feat_nine_boxes
D:3:      layout_loops_ring, mainiacjoe_overflow_tiny_flanked, serial_shops,
          nicolae_shop_crystal
D:4:      layout_gridville

Skill      XL: |  1  2  3  4  5  6 |
---------------+-------------------+-----
Transmutations | 1 2 |  2.3
Earth Magic    | 4 5 |  5.1
Short Blades   | 1 2 |  2.2
Stealth        | 3 |  3.8
Spellcasting   | 3 |  3.2
Maces & Flails | |  0.5
Dodging        | |  1.7

Action                   |  1- 3 |  4- 6 || total
-------------------------+-------+-------++-------
Melee: Unarmed           |    12 |       ||    12
       Mace              |    21 |       ||    21
       Short sword       |    64 |   131 ||   195
 Cast: Sandblast         |     7 |    16 ||    23
  Use: Potion            |     1 |       ||     1
 Stab: Sleeping          |     3 |       ||     3
       Distracted        |       |     1 ||     1
Armor: Robe              |    41 |    46 ||    87
Dodge: Dodged            |    67 |    71 ||   138
